EVO
UNIVERSITY OF ARIZONA WILDCATS @ UNIVERSITY OF NORTH CAROLINA AT CHAPEL HILL TAR HEELS
07/28/2044
 
TOP OF THE 1ST
University of Arizona Wildcats batting - Pitching for University of North Carolina at Chapel Hill Tar Heels : RHP Nate Rizzi
Pitching: RHP Nate Rizzi
Batting: RHB Andy Garvin 0-0: Swinging Strike
0-1: Swinging Strike
0-2: Foul Ball, location: 2F
0-2: Ball
1-2: Fly out, F8 (Flyball, 8RS, EV 91.2 MPH)
Batting: RHB Costantino Dolfini 0-0: Ball
1-0: Fly out, F8 (Flyball, 78S, EV 80.0 MPH)
Batting: LHB Cody Humphries 0-0: Ground out U3 (Groundball, 3, EV 105.0 MPH)
Top of the 1st over - 0 runs, 0 hits, 0 errors, 0 left on base; University of Arizona 0 - University of North Carolina at Chapel Hill 0
BOTTOM OF THE 1ST
University of North Carolina at Chapel Hill Tar Heels batting - Pitching for University of Arizona Wildcats : RHP Adam Oyler
Pitching: RHP Adam Oyler
Batting: RHB David McDonald 0-0: Called Strike
0-1: Called Strike
0-2: Ball
1-2: Foul Ball, location: 2F
1-2: Strikes out looking
Batting: RHB Aaron Stout 0-0: Called Strike
0-1: Foul Ball, location: 2F
0-2: Strikes out swinging
Batting: RHB Kazushige Hasegawa 0-0: Called Strike
0-1: Foul Ball, location: 2F
0-2: Strikes out swinging
Bottom of the 1st over - 0 runs, 0 hits, 0 errors, 0 left on base; University of Arizona 0 - University of North Carolina at Chapel Hill 0
TOP OF THE 2ND
University of Arizona Wildcats batting - Pitching for University of North Carolina at Chapel Hill Tar Heels : RHP Nate Rizzi
Batting: LHB Daigo Ishii 0-0: Ground out 4-3 (Groundball, 4, EV 86.9 MPH)
Batting: RHB Carlos Teniente 0-0: Foul Ball, location: 2F
0-1: Fly out, F6 (Flyball, 6D, EV 86.9 MPH)
Batting: LHB Asfour bin Sabih 0-0: Called Strike
0-1: Ball
1-1: Foul Ball, location: 2F
1-2: Ball
2-2: Strikes out looking
Top of the 2nd over - 0 runs, 0 hits, 0 errors, 0 left on base; University of Arizona 0 - University of North Carolina at Chapel Hill 0
BOTTOM OF THE 2ND
University of North Carolina at Chapel Hill Tar Heels batting - Pitching for University of Arizona Wildcats : RHP Adam Oyler
Batting: RHB Sam Daw 0-0: Called Strike
0-1: Ball
1-1: Ball
2-1: Foul Ball, location: 2F
2-2: Ground out 1-3 (Groundball, 15S, EV 68.8 MPH)
Batting: RHB Chris Skaff 0-0: Foul Ball, location: 2F
0-1: Ground out 4-3 (Groundball, 4, EV 76.9 MPH)
Batting: LHB Dave Bertheau 0-0: Called Strike
0-1: Swinging Strike
0-2: Strikes out swinging
Bottom of the 2nd over - 0 runs, 0 hits, 0 errors, 0 left on base; University of Arizona 0 - University of North Carolina at Chapel Hill 0
TOP OF THE 3RD
University of Arizona Wildcats batting - Pitching for University of North Carolina at Chapel Hill Tar Heels : RHP Nate Rizzi
Batting: RHB Kevin Steed 0-0: Ball
1-0: SINGLE (Groundball, 34D, EV 106.9 MPH)
Batting: SHB Cesar Pelayo 0-0: Called Strike
0-1: Foul Ball, location: 2F
0-2: Foul Ball, location: 2F
0-2: Ball
1-2: Strikes out swinging
Batting: RHB Vinny Olivo 0-0: Called Strike
0-1: Swinging Strike
0-2: Ball
1-2: Strikes out swinging
Batting: RHB Andy Garvin 0-0: Ball
1-0: Foul Ball, location: 2F
1-1: Foul Ball, location: 2F
1-2: Ball
2-2: SINGLE (Groundball, 4S, EV 68.1 MPH) (infield hit)
Kevin Steed to second
Batting: RHB Costantino Dolfini 0-0: Fly out, F7 (Flyball, 7LM, EV 90.0 MPH)
Top of the 3rd over - 0 runs, 2 hits, 0 errors, 2 left on base; University of Arizona 0 - University of North Carolina at Chapel Hill 0
BOTTOM OF THE 3RD
University of North Carolina at Chapel Hill Tar Heels batting - Pitching for University of Arizona Wildcats : RHP Adam Oyler
Batting: RHB Travis Robinson 0-0: Ball
1-0: Called Strike
1-1: SINGLE (Groundball, 6D, EV 103.1 MPH)
Batting: RHB Jonathan Livingston 0-0: Called Strike
0-1: Fly out, F9 (Flyball, 89M, EV 96.2 MPH)
Batting: RHB Norm Wood 0-0: Foul Ball, location: 2F
0-1: Foul Ball, location: 2F
0-2: Strikes out swinging
Batting: RHB David McDonald 0-0: Called Strike
0-1: Called Strike
0-2: Foul Ball, location: 2F
0-2: Strikes out swinging
Bottom of the 3rd over - 0 runs, 1 hit, 0 errors, 1 left on base; University of Arizona 0 - University of North Carolina at Chapel Hill 0
TOP OF THE 4TH
University of Arizona Wildcats batting - Pitching for University of North Carolina at Chapel Hill Tar Heels : RHP Nate Rizzi
Batting: LHB Cody Humphries 0-0: Called Strike
0-1: Foul Ball, location: 2F
0-2: Ground out 6-3 (Groundball, 6, EV 98.1 MPH)
Batting: LHB Daigo Ishii 0-0: Ball
1-0: Foul Ball, location: 2F
1-1: Foul Ball, location: 2F
1-2: Strikes out looking
Batting: RHB Carlos Teniente 0-0: Ball
1-0: Ball
2-0: Ball
3-0: Called Strike
3-1: Fly out, F9 (Flyball, 9, EV 86.2 MPH)
Top of the 4th over - 0 runs, 0 hits, 0 errors, 0 left on base; University of Arizona 0 - University of North Carolina at Chapel Hill 0
BOTTOM OF THE 4TH
University of North Carolina at Chapel Hill Tar Heels batting - Pitching for University of Arizona Wildcats : RHP Adam Oyler
Batting: RHB Aaron Stout 0-0: Swinging Strike
0-1: Foul Ball, location: 2F
0-2: Foul Ball, location: 2F
0-2: Fly out, F8 (Line Drive, 8RM, EV 90.6 MPH)
Batting: RHB Kazushige Hasegawa 0-0: Swinging Strike
0-1: Foul Ball, location: 2F
0-2: Ball
1-2: Foul Ball, location: 2F
1-2: Ball
2-2: Ball
3-2: Foul Ball, location: 2F
3-2: Foul Ball, location: 2F
3-2: Foul Ball, location: 2F
3-2: Strikes out looking
Batting: RHB Sam Daw 0-0: Called Strike
0-1: Ball
1-1: SINGLE (Flyball, 6D, EV 90.6 MPH)
Batting: RHB Chris Skaff 0-0: Ball
1-0: Called Strike
1-1: Ball
2-1: Called Strike
2-2: Strikes out swinging
Bottom of the 4th over - 0 runs, 1 hit, 0 errors, 1 left on base; University of Arizona 0 - University of North Carolina at Chapel Hill 0
TOP OF THE 5TH
University of Arizona Wildcats batting - Pitching for University of North Carolina at Chapel Hill Tar Heels : RHP Nate Rizzi
Pitching: RHP Michael Conrad
Batting: LHB Asfour bin Sabih 0-0: Ball
1-0: Ball
2-0: Ball
3-0: Called Strike
3-1: Called Strike
3-2: Fly out, F3 (Popup, 34S, EV 83.1 MPH)
Pitching: RHP Alfonso Mier
Batting: RHB Kevin Steed 0-0: Foul Ball, location: 2F
0-1: Ball
1-1: Ball
2-1: Called Strike
2-2: Ground out 3-1 (Groundball, 34, EV 95.6 MPH)
Batting: SHB Cesar Pelayo 0-0: Ball
1-0: Called Strike
1-1: Ball
2-1: Ball
3-1: Called Strike
3-2: Strikes out swinging
Top of the 5th over - 0 runs, 0 hits, 0 errors, 0 left on base; University of Arizona 0 - University of North Carolina at Chapel Hill 0
BOTTOM OF THE 5TH
University of North Carolina at Chapel Hill Tar Heels batting - Pitching for University of Arizona Wildcats : RHP Adam Oyler
Pitching: RHP Yann Donizetti
Batting: LHB Dave Bertheau 0-0: Ball
1-0: Ball
2-0: Foul Ball, location: 2F
2-1: Called Strike
2-2: Ball
3-2: SINGLE (Groundball, 4MD, EV 102.5 MPH) (infield hit)
Batting: RHB Travis Robinson 0-0: Ball
1-0: Fly out, F4 (Popup, 4MS, EV 81.2 MPH)
Batting: RHB Jonathan Livingston 0-0: Ball
Dave Bertheau is caught stealing 2nd base 2-4
1-0: Foul Ball, location: 2F
1-1: Ball
2-1: Swinging Strike
2-2: Strikes out looking
Bottom of the 5th over - 0 runs, 1 hit, 0 errors, 0 left on base; University of Arizona 0 - University of North Carolina at Chapel Hill 0
TOP OF THE 6TH
University of Arizona Wildcats batting - Pitching for University of North Carolina at Chapel Hill Tar Heels : RHP Alfonso Mier
Batting: RHB Vinny Olivo 0-0: Called Strike
0-1: Ball
1-1: Called Strike
1-2: Strikes out swinging
Batting: RHB Andy Garvin 0-0: Called Strike
0-1: Ball
1-1: Foul Ball, location: 2F
1-2: Foul Ball, location: 2F
1-2: Foul Ball, location: 2F
1-2: Ball
2-2: Strikes out looking
Batting: RHB Costantino Dolfini 0-0: Swinging Strike
0-1: Ball
1-1: Foul Ball, location: 2F
1-2: Strikes out looking
Top of the 6th over - 0 runs, 0 hits, 0 errors, 0 left on base; University of Arizona 0 - University of North Carolina at Chapel Hill 0
BOTTOM OF THE 6TH
University of North Carolina at Chapel Hill Tar Heels batting - Pitching for University of Arizona Wildcats : RHP Yann Donizetti
Batting: RHB Norm Wood 0-0: Ball
1-0: Ball
2-0: Called Strike
2-1: Ball
3-1: Base on Balls
Batting: RHB David McDonald 0-0: Called Strike
0-1: Ball
1-1: Ball
2-1: Foul Ball, location: 2F
2-2: SINGLE (Line Drive, 78S, EV 90.0 MPH)
Norm Wood to second
Batting: RHB Aaron Stout 0-0: Called Strike
0-1: Ball
1-1: Sac Bunt to 3S - play at first, batter safe!
Norm Wood to third
David McDonald to second
Batting: RHB Kazushige Hasegawa 0-0: Fly out, F9 (Flyball, 9S, EV 79.4 MPH)
Batting: RHB Sam Daw 0-0: Swinging Strike
0-1: Ball
1-1: Foul Ball, location: 2F
1-2: Strikes out looking
Batting: RHB Chris Skaff 0-0: Ball
1-0: Called Strike
1-1: Swinging Strike
1-2: Foul Ball, location: 2F
1-2: Ball
2-2: Strikes out swinging
Bottom of the 6th over - 0 runs, 2 hits, 0 errors, 3 left on base; University of Arizona 0 - University of North Carolina at Chapel Hill 0
TOP OF THE 7TH
University of Arizona Wildcats batting - Pitching for University of North Carolina at Chapel Hill Tar Heels : RHP Alfonso Mier
Pitching: RHP Jose Robles
Batting: LHB Cody Humphries 0-0: Ball
1-0: Foul Ball, location: 2F
1-1: Ball
2-1: Foul Ball, location: 2F
2-2: Strikes out swinging
Batting: LHB Daigo Ishii 0-0: Ball
1-0: Ball
2-0: Called Strike
2-1: Foul Ball, location: 2F
2-2: Ball
3-2: Fly out, F9 (Flyball, 89XD, EV 86.9 MPH)
Batting: RHB Carlos Teniente 0-0: Foul Ball, location: 2F
0-1: Foul Ball, location: 2F
0-2: Foul Ball, location: 2F
0-2: Ball
1-2: Ball
2-2: Foul Ball, location: 2F
2-2: Foul Ball, location: 2F
2-2: Strikes out swinging
Top of the 7th over - 0 runs, 0 hits, 0 errors, 0 left on base; University of Arizona 0 - University of North Carolina at Chapel Hill 0
BOTTOM OF THE 7TH
University of North Carolina at Chapel Hill Tar Heels batting - Pitching for University of Arizona Wildcats : RHP Yann Donizetti
Pitching: RHP Oscar Cintron
Batting: LHB Dave Bertheau 0-0: Ball
1-0: Ground out 2-3 (Groundball, 2R, EV 68.1 MPH)
Batting: RHB Travis Robinson 0-0: Ball
1-0: Ball
2-0: Called Strike
2-1: Ground out 4-3 (Groundball, 4, EV 97.5 MPH)
Batting: RHB Jonathan Livingston 0-0: Ball
1-0: SINGLE (Line Drive, 7LS, EV 107.5 MPH)
Batting: RHB Norm Wood 0-0: Called Strike
0-1: Ground out U3 (Groundball, 34, EV 102.5 MPH)
Bottom of the 7th over - 0 runs, 1 hit, 0 errors, 1 left on base; University of Arizona 0 - University of North Carolina at Chapel Hill 0
TOP OF THE 8TH
University of Arizona Wildcats batting - Pitching for University of North Carolina at Chapel Hill Tar Heels : RHP Jose Robles
Pitching: LHP Hector Cardenas
Pinch Hitting: RHB Allen Deschamps 0-0: Ball
1-0: Called Strike
1-1: Called Strike
1-2: Strikes out swinging
Batting: RHB Kevin Steed 0-0: Ball
1-0: Ball
2-0: Ball
3-0: Base on Balls
Batting: SHB Cesar Pelayo 0-0: Called Strike
0-1: Called Strike
0-2: Ball
1-2: Strikes out swinging
Pinch Hitting: LHB William Gonzales 0-0: Ball
1-0: Fly out, F6 (Popup, 56, EV 70.0 MPH)
Top of the 8th over - 0 runs, 0 hits, 0 errors, 1 left on base; University of Arizona 0 - University of North Carolina at Chapel Hill 0
BOTTOM OF THE 8TH
University of North Carolina at Chapel Hill Tar Heels batting - Pitching for University of Arizona Wildcats : RHP Oscar Cintron
Now at 3B: Allen Deschamps
Now at SS: Cody Humphries
Now in LF: Bruce Arvizu
Now in RF: Carlos Teniente
Pinch Hitting: RHB Akira Kubo 0-0: Called Strike
0-1: Swinging Strike
0-2: Ball
1-2: Fly out, F7 (Flyball, 78M, EV 91.9 MPH)
Pinch Hitting: RHB Andy Baumhardt 0-0: Called Strike
0-1: Ball
1-1: Ground out 6-3 (Groundball, 56, EV 86.9 MPH)
Batting: LHB Jason Raker 0-0: Called Strike
0-1: Foul Ball, location: 2F
0-2: Ball
1-2: SINGLE (Groundball, 34D, EV 103.1 MPH)
Pinch Hitting: RHB George Boivin 0-0: Ball
1-0: Foul Ball, location: 2F
1-1: Foul Ball, location: 2F
1-2: Strikes out swinging
Bottom of the 8th over - 0 runs, 1 hit, 0 errors, 1 left on base; University of Arizona 0 - University of North Carolina at Chapel Hill 0
TOP OF THE 9TH
University of Arizona Wildcats batting - Pitching for University of North Carolina at Chapel Hill Tar Heels : LHP Hector Cardenas
Now at 1B: Andy Baumhardt
Now at 2B: Akira Kubo
Now in LF: George Boivin
Now in RF: Dave Bertheau
Batting: RHB Andy Garvin 0-0: Ball
1-0: Foul Ball, location: 2F
1-1: Ball
2-1: Fly out, F7 (Flyball, 78M, EV 88.1 MPH)
Pinch Hitting: SHB Eric Kelley 0-0: Ball
1-0: Called Strike
1-1: Ball
2-1: SOLO HOME RUN (Flyball, 7D, EV 105.6 MPH), Distance : 411 ft
Batting: LHB Cody Humphries 0-0: Swinging Strike
0-1: Called Strike
0-2: Ball
1-2: Ball
2-2: Foul Ball, location: 2F
2-2: Strikes out swinging
Batting: RHB Yoshihasa Kojima 0-0: Ball
1-0: Ball
2-0: Ball
3-0: Called Strike
3-1: Called Strike
3-2: Strikes out swinging
Top of the 9th over - 1 run, 1 hit, 0 errors, 0 left on base; University of Arizona 1 - University of North Carolina at Chapel Hill 0
BOTTOM OF THE 9TH
University of North Carolina at Chapel Hill Tar Heels batting - Pitching for University of Arizona Wildcats : RHP Oscar Cintron
Pitching: RHP Mike Adler
Now in CF: Eric Kelley
Batting: RHB Chris Skaff 0-0: Ball
1-0: Ball
2-0: Called Strike
2-1: Foul Ball, location: 2F
2-2: Ball
3-2: SINGLE (Line Drive, 3D, EV 100.0 MPH)
Batting: LHB Dave Bertheau 0-0: Sac Bunt to 23 - play at first, batter OUT! 3-4
Chris Skaff to second
Pinch Hitting: LHB Edgar Ortiz 0-0: Ball
1-0: Foul Ball, location: 2F
1-1: Ball
2-1: Foul Ball, location: 2F
2-2: Strikes out looking
Batting: RHB Jonathan Livingston 0-0: Called Strike
0-1: Ground out U3 (Groundball, 3, EV 105.6 MPH)
Bottom of the 9th over - 0 runs, 1 hit, 0 errors, 1 left on base; University of Arizona 1 - University of North Carolina at Chapel Hill 0
Thursday, March 31st , 2022 - OOTP Baseball 22.12 Build 89